Unix NetHack Version 5.0.0-0 post-release - last build May 10 2026 23:12:36 (d1fa5d53e341ca933230fdaa984d921c805b60aa,branch:main).

Game began 2026-05-11 19:02:12, ended 2026-05-11 21:14:40.

Drastanta, lawful female dwarven Valkyrie

                           ----          -----------
                          --.>--------   |.........|
                          |.0........|   |.........|
                          |..-----.-.|   |.........|
                          |.0|...|00@|   |....<....|
                          |.........-|   |.........|
                          |.......|..|   |.........|
                          |.----..--.|   |.........|
                          |........|.--  |.........|
                          |.---.-.....------------0|
                          |...|...-0.^............0|
                          |.........----------------
                          -----..|..|
                              -------

Drastanta the Fighter       St:18 Dx:14 Co:19 In:8 Wi:10 Ch:9  Lawful
Dlvl:4  $:2331 HP:0(103) Pw:19(19) AC:7  Xp:9 T:7023  Satiated Blind

Latest messages:
 Perhaps that's why you cannot move it.
 You hear a monster behind the boulder.
 Perhaps that's why you cannot move it.
 You hear a monster behind the boulder.
 Perhaps that's why you cannot move it.
 You sense something below your feet.
 With great effort you move the boulder.
 With great effort you move the boulder.
 The boulder suddenly rolls away from you!
 Thump!
 The Green-elf swings his elven broadsword.
 The Green-elf hits!
 You hit the Green-elf.
 You hit the Green-elf.
 The Green-elf swings his elven broadsword.
 The Green-elf hits!
 You miss the Green-elf.
 The Green-elf swings his elven broadsword.
 The Green-elf hits!
 You hit the Green-elf.
 The Green-elf swings his elven broadsword.
 The Green-elf hits!
 You miss the Green-elf.
 You hit the Green-elf.
 The Green-elf swings his elven broadsword.
 The Green-elf hits!
 You miss the Green-elf.
 The Green-elf swings his elven broadsword.
 The Green-elf hits!
 You hit the Green-elf.
 The Green-elf swings his elven broadsword.
 The Green-elf hits!
 What do you want to zap? [uIKOSU or ?*] u
 In what direction? 7
 The Green-elf vanishes!
 What do you want to zap? [uIKOSU or ?*] u
 In what direction? 4
 The Green-elf vanishes!
 The yellow light explodes!
 You are blinded by a blast of light!
 Wait!  There's something there you can't see!
 It hits!
 You hit it.
 It hits!
 You die...
 Do you want your possessions identified? [ynq] (y) y
 Do you want to see your attributes? [ynq] (y) y
 Do you want an account of creatures vanquished? [ynaq] (y) y
 Do you want to see your conduct and achievements? [ynq] (y) y
 Do you want to see the dungeon overview? [ynq] (y) y

Inventory:
 Coins    ('$')
  $ - 2331 gold pieces
 Weapons  (')')
  b - a +0 dagger
  a - a +1 dwarvish spear
  t - a cursed -1 elven dagger
  i - a blessed +1 long sword
 Armor    ('[')
  c - an uncursed rotted +3 small shield (being worn)
 Comestibles  ('%')
  Z - an uncursed apple
  N - 4 uncursed food rations
  H - 4 uncursed fortune cookies
  J - a blessed tin of spinach
 Scrolls  ('?')
  g - 3 uncursed scrolls of blank paper
  F - 2 uncursed scrolls of earth named Earth
  n - a blessed scroll of identify
  f - 2 uncursed scrolls of identify
  q - 2 uncursed scrolls of light
  r - an uncursed scroll of remove curse
 Potions  ('!')
  d - a blessed potion of confusion
  m - an uncursed potion of gain energy
  A - an uncursed potion of invisibility
  B - 2 uncursed potions of monster detection
  W - an uncursed potion of object detection
  h - an uncursed potion of restore ability
  X - an uncursed potion of see invisible
  j - a blessed potion of sickness
 Rings    ('=')
  s - an uncursed ring of conflict
  w - an uncursed ring of fire resistance
  D - an uncursed ring of free action
  M - an uncursed ring of free action
  P - an uncursed +1 ring of gain constitution
  l - an uncursed ring of shock resistance
  o - an uncursed ring of teleport control
  T - an uncursed ring of warning
 Wands    ('/')
  U - a wand of create monster (0:13)
  I - a blessed wand of light (0:14)
  K - a wand of sleep (0:7)
  S - a wand of stasis (0:5)
  u - a wand of teleportation (0:6)
  O - a wand of undead turning (0:4)
 Tools    ('(')
  e - an uncursed bag of holding containing 1 item
  G - an empty uncursed bag of holding
  p - an uncursed credit card
  Y - an uncursed lock pick
  y - a blessed oil lamp
  k - an uncursed tin whistle
  v - an uncursed towel

Contents of the bag of holding:
  a wand of slow monster (0:7)

Drastanta the Valkyrie's attributes:

Background:
 You were a Fighter, a level 9 dwarven Valkyrie.
 You were lawful, on a mission for Tyr
 who was opposed by Odin (neutral) and Loki (chaotic).
 You were right-handed.
 You were in Sokoban, on level 4.
 You entered the dungeon 7023 turns ago.
 You had 2708 experience points, 2412 more were needed to attain level 10.

Basics:
 You had 0 out of 103 hit points.
 You had all 19 energy points (spell power).
 Your armor class was 7.
 Your wallet contained 2331 zorkmids.
 Autopickup was off.

Final Characteristics:
 Your strength was 18 (limit:18/100).
 Your dexterity was 14 (limit:20).
 Your constitution was 19 (limit:20).
 Your intelligence was 8 (limit:16).
 Your wisdom was 10 (limit:16).
 Your charisma was 9 (limit:16).

Final Status:
 You were temporarily blind.
 You were satiated.
 You were unencumbered.
 You were bare handed.
 You were unskilled in bare handed combat.

Final Attributes:
 You were piously aligned.
 You were cold resistant.
 You had infravision.
 You were stealthy.
 You were fast.
 You are dead.

Miscellaneous:
 You encountered 1 bones level.
 Total elapsed playing time was 2 hours, 12 minutes and 20 seconds.

Major events:
 Turn
    1: Drastanta the lawful dwarven Valkyrie entered the dungeon
  621: attained the rank of Skirmisher (level 3)
 1311: entered the Gnomish Mines
 2049: reached Mine Town
 2370: made her first wish - "Blessed fixed +3 blue dragon scale mail", got "a blue dragon scale mail"
 2986: attained the rank of Fighter (level 6)
 3132: entered Sokoban
 3371: completed 1st Sokoban level
 3859: completed 2nd Sokoban level
 4143: completed 3rd Sokoban level
 5043: completed 4th Sokoban level
 5377: acquired the Sokoban bag of holding
 7023: killed by a Green-elf

You didn't know any spells.

Skills:
 Fighting Skills
   bare handed combat [Unskilled]
   two weapon combat  [Unskilled]
   riding             [Unskilled]
 Weapon Skills
   dagger             [Basic]
   axe                [Unskilled]
   pick-axe           [Unskilled]
   short sword        [Unskilled]
   broadsword         [Unskilled]
   long sword         [Unskilled]
   two-handed sword   [Unskilled]
   saber              [Unskilled]
   hammer             [Unskilled]
   quarterstaff       [Unskilled]
   polearms           [Unskilled]
   spear              [Expert]
   trident            [Unskilled]
   lance              [Unskilled]
   sling              [Unskilled]
 Spellcasting Skills
   attack spells      [Unskilled]
   escape spells      [Unskilled]

Voluntary challenges:
 Character rerolling was not enabled.
 You never genocided any monsters.
 You never polymorphed an object.
 You used 1 wish.
 You did not wish for any artifacts.
 You did not violate any of the special Sokoban rules.
Achievements:
 You entered a shop.
 You attained the rank of Skirmisher.
 You entered the Gnomish Mines.
 You entered Minetown.
 You entered a temple.
 You attained the rank of Fighter.
 You entered Sokoban.
 You completed Sokoban.

 The Dungeons of Doom: levels 1 to 6
    Level 1:
       Many fountains, a sink.
    Level 2:
       A general store, a fountain, a grave.
    Level 3:
       A fountain.
    Level 4:
       A fountain.
       Stairs down to The Gnomish Mines.
    Level 5:
       Many fountains.
    Level 6:
       Some fountains.
       Stairs up to Sokoban, level 5.
 The Gnomish Mines: levels 5 to 9
    Level 5:
    Level 6:
       A grave.
       Final resting place for
          Drastanta-Wiz-Elf-Mal-Cha, killed by a dwarf.
    Level 7:
       Many shops, a temple and an altar, some fountains.
    Level 8:
    Level 9:
 Sokoban: levels 5 up to 2
    Level 2:
       Solved.
    Level 3:
       Solved.
    Level 4: <- You were here.
       Solved.
       Final resting place for
          you, killed by a Green-elf.
    Level 5:
       Solved.


Vanquished creatures:
  2 giant mimics
  a small mimic
 an ettin mummy
  a large dog
  a large cat
  2 leocrottas
 an ettin zombie
  2 chameleons
  a cockatrice
  5 winter wolf cubs
  a spotted jelly
  2 leprechauns
  a giant spider
  a scorpion
  a vampire bat
  a dwarf mummy
  4 brown puddings
  a rust monster
 an owlbear
  2 yetis
  2 werewolves
  a Green-elf
  2 dust vortices
  3 ravens
  a gnome mummy
  a snake
 an ape
  a rope golem
  a bugbear
  a wood nymph
  2 Mordor orcs
 an Uruk-hai
  2 yellow lights
  a violet fungus
  2 elf zombies
  a little dog
  a floating eye
  a kitten
  a dwarf
  a homunculus
 10 rothes
  2 centipedes
  a giant bat
  2 monkeys
  a werejackal
 10 iguanas
  4 killer bees
 an acid blob
  2 gas spores
  2 manes
  2 hobgoblins
  a giant rat
  3 cave spiders
  a red mold
  6 geckos
  8 jackals
  a fox
  2 goblins
  3 sewer rats
  4 grid bugs
  3 bats
  2 lichens
  2 kobold zombies
  7 newts
139 creatures vanquished.

No species were genocided or became extinct.

Game over:
                       ----------
                      /          \
                     /    REST    \
                    /      IN      \
                   /     PEACE      \
                  /                  \
                  |    Drastanta     |
                  |     2331 Au      |
                  |   killed by a    |
                  |    Green-elf     |
                  |                  |
                  |                  |
                  |       2026       |
                 *|     *  *  *      | *
        _________)/\\_//(\/(/\)/\//\/|_)_______

Farvel Drastanta the Valkyrie...

You died in Sokoban on dungeon level 4 with 13356 points,
and 2331 pieces of gold, after 7023 moves.
You were level 9 with a maximum of 103 hit points when you died.

